AoeStats
← AiM | Facu1414

Arena

508576096Analyzed
4v4 RM · 8d ago on Sep 23, 2026· 66m 38s· 8 players
Game mode
Random Map
Map size
Large (8 player)
Population
200
Speed
Normal
Resources
Standard
Victory
Conquest
Starting age
Dark Age
Ending age
Imperial Age
RankedLock teamsTeams togetherTeam positionsShared explorationLock speedFull tech treeHidden civsTurbo modeCheats
Victory
Defeat
🇦🇷 Bengalis · Argentina
1564
+10
🇦🇷 Burmese · Argentina
1522
+11
🇨🇱 Persians · Chile
1410
+16
🇺🇸 Mongols · United States
1371
+17
1496
-17
🇵🇪 Khmer · Peru
1440
-15
🇲🇽 Celts · Mexico
1406
-13
🇲🇽 Byzantines · Mexico
1278
-9
Smitty WerbenJägerManJensen
11:55 Feudal Age
15:32 Castle Age
15:58 Loom
17:02 Scale Mail Armor
40:41 Imperial Age
40:01 Wheelbarrow
39:44 Double-Bit Axe
39:42 Horse Collar
41:50 Hand Cart
42:16 Gold Mining
42:39 Bow Saw
42:59 Heavy Plow
44:42 Two-Man Saw
44:59 Chain Mail Armor
44:55 Forging
44:47 Squires
44:33 Arson
45:03 Elite Varangian Guard
46:25 Plate Mail Armor
50:05 Iron Casting
50:00 Conscription
52:20 Blast Furnace
55:22 Scale Barding Armor
57:29 Light Cavalry
58:20 Bloodlines
58:11 Husbandry
58:50 Chain Barding Armor
59:50 Pikeman
61:07 Plate Barding Armor
60:26 Halberdier
61:24 Hussar
SimoniacJewel88
10:31 Feudal Age
12:35 Double-Bit Axe
15:28 Castle Age
15:20 Gold Mining
15:12 Horse Collar
19:06 Elite Skirmisher
21:16 Ballistics
23:51 Fletching
33:22 Heavy Plow
36:00 Imperial Age
34:05 Wheelbarrow
34:24 Fortified Wall
36:54 Heresy
37:15 Gold Shaft Mining
37:04 Hand Cart
36:16 Heavy Scorpion
37:58 Loom
38:32 Pikeman
39:41 Scale Mail Armor
39:51 Forging
41:00 Halberdier
41:26 Arson
41:40 Town Watch
42:07 Bow Saw
42:34 Iron Casting
42:14 Chain Mail Armor
41:46 Capped Ram
42:34 Siege Ram
44:59 Blast Furnace
45:00 Coinage
46:38 Chemistry
45:44 Siege Engineers
46:57 Banking
47:28 Plate Mail Armor
46:54 Bodkin Arrow
46:59 Stone Mining
48:13 Town Patrol
48:50 Conscription
48:41 Furor Celtica
52:08 Devotion
52:36 Caravan
54:53 Elite Woad Raider
62:03 Faith
Baham
11:05 Feudal Age
14:49 Castle Age
13:15 Double-Bit Axe
14:31 Horse Collar
17:02 Bow Saw
31:13 Heavy Plow
33:18 Fortified Wall
34:21 Loom
35:17 Wheelbarrow
37:17 Hand Cart
36:48 Pikeman
37:29 Squires
37:14 Arson
37:40 Murder Holes
42:13 Imperial Age
39:55 Forging
39:45 Scale Mail Armor
39:51 Scale Barding Armor
41:14 Padded Archer Armor
41:04 Fletching
41:48 Gold Mining
41:48 Stone Mining
42:16 Elite Skirmisher
43:03 Thumb Ring
42:19 Crossbowman
44:26 Halberdier
44:52 Arson
50:52 Padded Archer Armor
50:42 Fletching
51:48 Chain Mail Armor
52:08 Iron Casting
51:49 Leather Archer Armor
53:24 Plate Mail Armor
54:40 Plate Mail Armor
61:08 Caravan
62:16 Capped Ram
63:17 Siege Ram
63:32 Onager
AstraLys
4:17 Loom
10:45 Feudal Age
11:51 Double-Bit Axe
14:36 Castle Age
12:33 Horse Collar
15:42 Bow Saw
20:56 Bloodlines
21:08 Bloodlines
21:35 Husbandry
21:40 Light Cavalry
25:48 Wheelbarrow
29:42 Imperial Age
27:32 Hand Cart
27:31 Heavy Plow
27:29 Stone Mining
29:05 Stone Shaft Mining
28:21 Gold Mining
29:22 Town Watch
33:12 Heavy Scorpion
35:08 Ballistics
35:46 Hussar
37:42 Scale Barding Armor
37:47 Forging
38:58 Chain Barding Armor
39:26 Masonry
40:33 Iron Casting
41:43 Double Crossbow
44:51 Fletching
45:01 Padded Archer Armor
46:44 Chemistry
45:40 Bodkin Arrow
46:12 Elite Skirmisher
46:54 Bracer
47:30 Plate Barding Armor
51:25 Fortified Wall
51:46 Architecture
51:12 Pikeman
51:52 Halberdier
56:05 Crop Rotation
57:34 Leather Archer Armor
AIM | Agua cate 98
10:27 Feudal Age
14:04 Castle Age
12:41 Loom
15:46 Redemption
16:18 Sanctity
15:55 Town Watch
16:48 Wheelbarrow
18:51 Fervor
20:09 Atonement
20:45 Horse Collar
25:18 Heavy Plow
29:35 Imperial Age
28:01 Stone Mining
28:01 Gold Mining
29:46 Hand Cart
30:35 Block Printing
30:46 Illumination
32:40 Chemistry
33:34 Conscription
34:04 Onager
38:47 Town Patrol
40:18 Siege Engineers
41:28 Treadmill Crane
42:23 Scale Barding Armor
42:28 Forging
43:37 Bloodlines
43:27 Husbandry
44:49 Chain Barding Armor
45:04 Iron Casting
44:31 Howdah
44:36 Manipur Cavalry
46:21 Plate Barding Armor
49:21 Light Cavalry
50:47 Crop Rotation
51:31 Blast Furnace
50:41 Hussar
61:06 Heavy Scorpion
65:46 Caravan
AiM | _MrSuomi
8:48 Feudal Age
13:32 Castle Age
13:06 Fletching
24:43 Bodkin Arrow
36:51 Double-Bit Axe
38:19 Gold Mining
39:47 Gold Shaft Mining
39:06 Stone Mining
40:42 Bow Saw
40:18 Horse Collar
41:14 Gold Shaft Mining
41:16 Stone Shaft Mining
43:49 Wheelbarrow
42:59 Town Watch
43:00 Loom
49:14 Imperial Age
49:27 Onager
52:30 Siege Engineers
AiM | Facu1414
10:51 Feudal Age
14:37 Castle Age
13:03 Double-Bit Axe
13:58 Horse Collar
19:12 Heavy Plow
20:22 Wheelbarrow
20:47 Bow Saw
21:05 Gold Mining
21:53 Hand Cart
24:12 Gold Shaft Mining
27:58 Imperial Age
25:33 Stone Mining
26:09 Fletching
26:20 Padded Archer Armor
26:42 Ballistics
26:51 Bodkin Arrow
27:15 Town Watch
27:15 Loom
27:24 Loom
27:48 Devotion
28:22 Bloodlines
28:12 Husbandry
30:10 Chemistry
29:11 Bracer
29:26 Leather Archer Armor
29:30 Elite Elephant Archer
30:28 Paiks
31:40 Scale Barding Armor
31:46 Forging
30:57 Light Cavalry
32:49 Ring Archer Armor
32:42 Town Patrol
33:18 Conscription
33:56 Chain Barding Armor
34:11 Iron Casting
34:23 Coinage
35:45 Two-Man Saw
35:16 Crop Rotation
36:11 Mahayana
44:59 Banking
48:42 Siege Engineers
49:33 Plate Barding Armor
49:58 Blast Furnace
50:36 Blast Furnace
54:52 Masonry
AiM | TheBlackMamba
10:40 Feudal Age
14:30 Castle Age
12:46 Double-Bit Axe
19:20 Forging
19:27 Bow Saw
19:03 Loom
19:42 Scale Barding Armor
24:35 Town Watch
24:54 Horse Collar
26:31 Wheelbarrow
26:29 Chain Barding Armor
27:19 Fletching
29:39 Bloodlines
33:59 Iron Casting
35:13 Heavy Plow
35:15 Gold Mining
38:24 Imperial Age
37:28 Gold Shaft Mining
39:05 Conscription
38:59 Husbandry
39:36 Plate Barding Armor
39:34 Kamandaran
39:38 Bodkin Arrow
39:43 Padded Archer Armor
40:15 Padded Archer Armor
39:39 Crossbowman
40:48 Thumb Ring
41:03 Elite War Elephant
42:37 Leather Archer Armor
42:44 Ballistics
43:24 Chemistry
43:36 Blast Furnace
44:22 Ring Archer Armor
45:23 Cavalier
46:27 Savar
52:16 Light Cavalry
56:12 Hussar
58:21 Citadels
58:32 Masonry
58:26 Murder Holes
58:48 Hand Cart
59:47 Two-Man Saw
59:18 Crop Rotation
Connection lost

Rejoining the realm…

Still unreachable

The connection could not be restored.

Session expired

The server has moved on; the page needs a fresh start.